 Dungeon Crawl Stone Soup version 0.28.0-43-g3370ac3207 (webtiles) character file.

Game seed: 9438794382637803657

184 RascalDebosk the Shield-Bearer (level 5, -2/42 (47) HPs)
             Began as a Minotaur Fighter on Mar 26, 2022.
             Slain by Edmund
             ... wielding a +3 flail of draining
              (6 damage)
             ... on level 4 of the Dungeon.
             The game lasted 00:28:02 (3398 turns).

RascalDebosk the Shield-Bearer (Minotaur Fighter)   Turns: 3398, Time: 00:28:02

HP:   -2/42 (47)    AC:  8    Str: 22    XL:     5   Next: 36%
MP:   4/4           EV:  9    Int:  5    God:
Gold: 134           SH:  4    Dex: 10    Spells: 4/4 levels left

rFire   . . .      SeeInvis .   a - +0 war axe
rCold   . . .      Faith    .   c - +0 buckler
rNeg    . . .      Spirit   .   b - +0 scale mail
rPois   .          Reflect  .   (helmet restricted)
rElec   .          Harm     .   s - +0 cloak
rCorr   .          Rampage  .   (no gloves)
Will    .....                   (no boots)
Stlth   ..........              (no amulet)
HPRegen 0.14/turn               (no ring)
MPRegen 0.09/turn               (no ring)

@: heavily drained
A: horns 2, retaliatory headbutt
a: no special abilities


You were on level 4 of the Dungeon.
You visited 1 branch of the dungeon, and saw 4 of its levels.

You collected 134 gold pieces.

Inventory:

Hand Weapons
 a - a +0 war axe (weapon)
Missiles
 e - 76 stones (quivered)
 k - 4 boomerangs
 m - 2 poisoned darts
Armour
 b - a +0 scale mail (worn)
 c - a +0 buckler (worn)
 o - a +0 buckler
 s - a +0 cloak (worn)
Scrolls
 g - 2 scrolls of identify {unknown}
 i - a scroll of blinking {unknown}
 j - 2 scrolls of enchant armour {unknown}
 l - a scroll of brand weapon {unknown}
 n - 2 scrolls of noise {unknown}
 r - a scroll of fog {unknown}
Potions
 d - a potion of might
 f - 3 potions of haste {unknown}
 h - a potion of attraction {unknown}
 p - a potion of flight {unknown}
 q - a potion of curing {unknown}


   Skills:
 + Level 4.4 Fighting
 + Level 3.6 Axes
 + Level 1.7 Throwing
 + Level 4.3 Armour
 + Level 4.5 Shields
 + Level 1.7 Evocations


You had 4 spell levels left.
You didn't know any spells.
Your spell library contained the following spells:

 Spells                   Type           Power      Damage    Failure   Level
 Magic Dart               Conj           0%         1d3       87%         1
 Searing Ray              Conj           0%         2d4       95%         2
 Fulminant Prism          Conj/Hex       0%         3d6       100%        4


Dungeon Overview and Level Annotations

Branches:
Dungeon (4/15)
 Temple: D:4-7

Altars:

Shops:
D:2 [

Annotations:
D:4 Edmund


Innate Abilities, Weirdness & Mutations

You have a pair of horns on your head.
You reflexively headbutt those who attack you in melee.


Message History

Edmund is lightly wounded.
You slash the bullfrog!
You hear the slow rusting of a very distant drain.
The bullfrog hits you.
Edmund hits you with a +3 flail of draining!
You feel drained.
The bullfrog hits you but does no damage.
You slash Edmund!
Edmund is moderately wounded.
You hit the bullfrog but do no damage. The bullfrog barely misses you.
Edmund hits you with a +3 flail of draining.
You feel drained.
The bullfrog hits you but does no damage.
You slash Edmund!
Edmund is heavily wounded.
You slash the bullfrog!
The bullfrog hits you but does no damage.
Edmund hits you with a +3 flail of draining.
* * * LOW HITPOINT WARNING * * *
You feel drained.
* * * LOW HITPOINT WARNING * * *
The bullfrog completely misses you. Edmund hits you but does no damage.
You feel drained.
You closely miss Edmund. You headbutt Edmund.
Edmund is heavily wounded.
You slash the bullfrog!
You kill the bullfrog!
You block Edmund's attack.
You have reached level 5!
You closely miss Edmund. Your headbutt misses Edmund.
Edmund is heavily wounded.
Edmund closely misses you.
Edmund hits you with a +3 flail of draining.
* * * LOW HITPOINT WARNING * * *
You feel drained.
* * * LOW HITPOINT WARNING * * *
You slash Edmund!
Edmund is severely wounded.
Edmund hits you with a +3 flail of draining.
You die...

..............
..#............
........... #.....# ...
#..## .#... ##..# .....
#.P.#########.....♣
.....♣.♣@..##.........♣
.###.P♣♣P..##@....#...♣
...P ♣♣P..@.....#.....
.....P.P...#......#.##..
.....................#..#
..#..#########......#..#
...# [.# #........#
....###.# #......#...#
#....#.######......#....
#............†......##


You could see Edmund.

Vanquished Creatures
  A bullfrog (D:4)
  3 adders
  5 worms
  2 dart slugs
  3 orcs (D:3)
  6 endoplasms
  3 giant cockroaches
  A hobgoblin (D:1)
  8 jackals
  6 quokkas
  3 ball pythons
  5 bats
  A frilled lizard (D:2)
  10 goblins
  5 kobolds
  7 rats
69 creatures vanquished.

Vanquished Creatures (others)
  A plant (D:4)
1 creature vanquished.

Grand Total: 70 creatures vanquished

Notes
Turn   | Place    | Note
-------+----------+-------------------------------------------
     0 | D:1      | RascalDebosk the Minotaur Fighter began the quest for the
                  | Orb.
     0 | D:1      | Reached XP level 1. HP: 19/19 MP: 0/0
   214 | D:1      | Reached XP level 2. HP: 18/27 MP: 1/1
  1306 | D:2      | Reached XP level 3. HP: 33/33 MP: 2/2
  1359 | D:2      | Found Conyic's Armour Shoppe.
  1366 | D:2      | Reached skill level 1 in Throwing
  1692 | D:2      | Reached skill level 1 in Evocations
  1907 | D:2      | Reached XP level 4. HP: 40/40 MP: 3/3
  1942 | D:2      | Found a faded altar of an unknown god.
  3377 | D:4      | Noticed Edmund
  3378 | D:4      | Noticed a bullfrog
  3396 | D:4      | Killed a bullfrog
  3397 | D:4      | Reached XP level 5. HP: 10/44 MP: 4/4
  3398 | D:4      | Slain by Edmund

Illustrated notes

Levels and vault maps discovered:
D:1:      amcnicky_arrival_abandoned_market, layout_basic
D:2:      layout_loops_ring, serial_shops, nicolae_shop_advertising_works
          [nicolae_subvault_shop_adworks], shapermc_ecumenical_altar_ellora,
          st_stairs_3
D:3:      kennysheep_big_flooded_room, layout_loops_corners, minmay_unequal
D:4:      layout_rooms, nicolae_overflow_hallway_of_the_gods, serial_forest,
          infiniplex_forest_clump_large, infiniplex_forest_lined_2,
          infiniplex_forest_clump_tiny, infiniplex_forest_end_2,
          infiniplex_forest_straight_2, infiniplex_forest_clump_small,
          infiniplex_forest_clump_long, gup_sewer_entry_bubbles,
          uniq_crazy_yiuf_cottage, uniq_edmund

Skill      XL: |  1  2  3 |
---------------+----------+-----
Shields        | 4 |  4.5
Throwing       | 1 |  1.7
Fighting       | 4 |  4.4
Axes           | 3 |  3.6
Armour         | 4 |  4.3
Evocations     | 1 |  1.7

Action                   |  1- 3 |  4- 6 || total
-------------------------+-------+-------++-------
Melee: War axe           |    85 |    61 ||   146
       Headbutt          |     5 |     7 ||    12
Throw: Stone             |    20 |       ||    20
Armor: Scale mail        |    44 |    27 ||    71
Dodge: Dodged            |    48 |    23 ||    71
Block: Buckler           |    16 |    15 ||    31
